Map: Last Remnant

Players

Odin

  • Race: Zerg Zerg
  • League: Platinum
  • Spawn Location: 6:00

A.I. 1 (Harder) - Winner!

  • Race: Protoss Protoss
  • Spawn Location: 12:00

A.I. 2 (Harder) - Winner!

  • Race: Terran Terran
  • Spawn Location: 3:00

A.I. 3 (Harder) - Winner!

  • Race: Protoss Protoss
  • Spawn Location: 12:00

A.I. 4 (Harder) - Winner!

  • Race: Protoss Protoss
  • Spawn Location: 1:00

VOD

Have the link to the VOD?

Description

Time

  • Played on: Dec. 17, 2018, 1:12 p.m.
  • Length: 2:53
Show
View Real Time Build Order
Export as new Build Order

Odin Zerg 

Build Orders: 1 Base Baneling Bust, Pool Only 

Get SALT Encoding   

  12  0:19  Extractor  
  12  0:21  Spawning Pool  
  10  0:26  Drone  
  11  0:29  Drone  
  12  0:43  Overlord  
  12  0:46  Drone  
  13  1:00  Drone  
  13  1:02  Drone  
  15  1:13  Queen  
  17  1:28  Baneling Nest, Zergling x2  
  17  1:33  Zergling x2  
  18  1:47  Zergling x2  
  18  1:51  Zergling x2  
  20  1:58  Zergling x2  
  21  2:06  Zergling x2  
  22  2:16  Overlord  
  22  2:22  Baneling x2  
  21  2:24  Baneling x2  
  21  2:27  Baneling  
  21  2:35  Zergling x4  
Show
View Real Time Build Order
Export as new Build Order

A.I. 1 (Harder) Protoss - Winner!

Build Orders: 1 Gate Expand 

Get SALT Encoding   

  12  0:00  Probe  
  13  0:13  Probe  
  14  0:22  Pylon  
  14  0:25  Probe  
  15  0:36  Probe  
  16  0:44  Probe  
  17  0:50  Gateway  
  17  1:10  Probe  
  17  1:12  Nexus  
  18  1:31  Pylon  
  18  1:34  Assimilator  
  18  1:37  Zealot  
  20  1:45  Probe, Cybernetics Core  
  21  1:58  Probe  
  22  2:08  Gateway  
  22  2:10  Probe  
  22  2:12  Stalker  
  23  2:16  Assimilator  
  25  2:25  Probe, Pylon  
Show
View Real Time Build Order
Export as new Build Order

A.I. 2 (Harder) Terran - Winner!

Build Orders:  

Get SALT Encoding   

  12  0:01  SCV  
  13  0:13  SCV  
  14  0:19  Supply Depot  
  14  0:25  SCV  
  15  0:41  SCV  
  16  0:46  Barracks  
  16  0:53  SCV  
  17  1:05  SCV  
  18  1:11  Supply Depot  
  18  1:19  Refinery  
  18  1:22  SCV  
  19  1:34  Marine  
  19  1:35  Barracks, Orbital Command  
  20  1:47  Refinery  
  20  1:51  Marine  
  21  2:01  SCV  
  22  2:13  SCV  
  23  2:18  Factory  
  23  2:21  Barracks Tech Lab, Supply Depot  
  23  2:25  SCV  
  23  2:27  Marine  
  25  2:38  SCV  
  26  2:51  Supply Depot  
Show
View Real Time Build Order
Export as new Build Order

A.I. 3 (Harder) Protoss - Winner!

Build Orders: 1 Gate Expand 

Get SALT Encoding   

  12  0:01  Probe  
  13  0:13  Probe  
  14  0:21  Pylon  
  14  0:25  Probe  
  15  0:35  Probe  
  16  0:43  Probe  
  17  0:52  Gateway  
  17  1:09  Probe  
  17  1:13  Nexus  
  18  1:31  Pylon  
  18  1:32  Assimilator  
  18  1:39  Zealot  
  18  1:44  Probe, Cybernetics Core  
  21  1:57  Probe  
  22  2:09  Gateway  
  22  2:10  Probe  
  22  2:12  Stalker  
  23  2:17  Assimilator  
  25  2:25  Probe  
  25  2:26  Pylon  
  28  2:53  Assimilator  
Show
View Real Time Build Order
Export as new Build Order

A.I. 4 (Harder) Protoss - Winner!

Build Orders: 1 Gate Expand 

Get SALT Encoding   

  12  0:01  Probe  
  13  0:13  Probe  
  14  0:20  Pylon  
  14  0:25  Probe  
  15  0:35  Probe  
  16  0:43  Probe  
  17  0:51  Gateway  
  17  1:09  Probe  
  17  1:11  Nexus  
  18  1:30  Pylon  
  18  1:32  Assimilator  
  18  1:39  Zealot  
  18  1:43  Probe  
  18  1:44  Cybernetics Core  
  21  1:56  Probe  
  22  2:09  Probe, Gateway  
  22  2:10  Stalker  
  23  2:15  Assimilator  
  25  2:25  Probe, Pylon  
  26  2:38  Probe  
Tags
 
Add a new tag
Caveats
  • Supply blocks, unpowered buildings, or Contaminate may cause inaccurate times.
  • Supply counts are checked every 10 seconds.